 Dungeon Crawl Stone Soup version 0.28.0-53-g5a82cb258f (webtiles) character file.

Game seed: 1452699401628810709

127 Peloso the Covered (level 4, -3/40 HPs)
             Began as a Minotaur Fighter on June 30, 2022.
             Slain by Ijyb
             ... wielding a +3 spectral club
              (5 damage)
             ... on level 3 of the Dungeon.
             The game lasted 00:02:23 (2962 turns).

Peloso the Covered (Minotaur Fighter)               Turns: 2962, Time: 00:02:24

Health: -3/40      AC:  7    Str: 21    XL:     4   Next: 85%
Magic:  3/3        EV:  9    Int:  5    God:
Gold:   117        SH:  4    Dex: 11    Spells: 3/3 levels left

rFire   . . .      SeeInvis .   a - +0 long sword
rCold   . . .      Faith    .   c - +0 buckler
rNeg    . . .      Spirit   .   b - +0 scale mail
rPois   .          Reflect  .   (helmet restricted)
rElec   .          Harm     .   (no cloak)
rCorr   .          Rampage  .   (no gloves)
Will    .....                   (no boots)
Stlth   ..........              (no amulet)
HPRegen 0.13/turn               (no ring)
MPRegen 0.08/turn               (no ring)

@: no status effects
A: horns 2, retaliatory headbutt
a: no special abilities


You were on level 3 of the Dungeon.
You visited 1 branch of the dungeon, and saw 3 of its levels.

You collected 117 gold pieces.

Inventory:

Hand Weapons
 a - a +0 long sword (weapon)
Armour
 b - a +0 scale mail (worn)
 c - a +0 buckler (worn)
Scrolls
 f - a scroll of identify {unknown}
 g - 4 scrolls of teleportation {unknown}
 j - a scroll of enchant weapon {unknown}
 m - a scroll of noise {unknown}
Potions
 d - a potion of might
 e - 2 potions of degeneration {unknown}
 h - a potion of ambrosia {unknown}
 i - a potion of heal wounds {unknown}
 k - 3 potions of curing {unknown}
 l - a potion of haste {unknown}


   Skills:
 + Level 4.2 Fighting
 + Level 3.7 Long Blades
 + Level 5.2 Armour
 + Level 0.1 Dodging
 + Level 4.2 Shields


You had 3 spell levels left.
You didn't know any spells.
Your spell library contained the following spells:

 Spells                   Type           Power      Damage    Failure   Level
 Gell's Gravitas          Tloc           0%         N/A       99%         3
 Teleport Other           Tloc           0%         N/A       99%         3
 Dispersal                Tloc           0%         N/A       100%        6


Dungeon Overview and Level Annotations

Branches:
Dungeon (3/15)

Altars:
Dithmenos
Qazlal
Wu Jian
The Shining One

Shops:
D:1 :

Annotations:
D:3 1 runed translucent door, Crazy Yiuf, Ijyb


Innate Abilities, Weirdness & Mutations

You have a pair of horns on your head.
You reflexively headbutt those who attack you in melee.


Message History

Ijyb and a kobold come into view.
Ijyb is wielding a +3 spectral club and carrying a wand of iceblast (7).
The kobold is wielding a +0 dagger and quivering poisoned darts.
The kobold shouts!
Ijyb zaps a wand.
The mass of ice explodes!
The iceblast engulfs you!
You hear a shout!
Found 3 boomerangs.
The kobold throws a poisoned dart.
The poisoned dart hits you.
You are poisoned.
You feel sick. The worm bites you but does no damage.
You slash the worm!
The worm is severely wounded.
You feel sick. The kobold completely misses you. The kobold barely misses you.
You hit the worm.
You kill the worm!
You feel sick. The kobold closely misses you.
You feel sick.
You barely miss the kobold.
You feel sick.
You are no longer poisoned.
The kobold barely misses you.
You slash the kobold!
You kill the kobold!
Ijyb screams, "I dance on your bones!"
Ijyb zaps a wand.
The mass of ice explodes!
The iceblast engulfs you.
You hear a shout!
Ijyb hits you with a +3 spectral club.
Things that are here:
a +0 dagger; 5 poisoned darts Ijyb hits you with a +3 spectral club.
* * * LOW HITPOINT WARNING * * *
A kobold comes into view. It is wielding a +0 club.
You closely miss Ijyb. Ijyb hits you with a +3 spectral club.
* * * LOW HITPOINT WARNING * * *
Ijyb hits you with a +3 spectral club.
* * * LOW HITPOINT WARNING * * *
You closely miss Ijyb.
The kobold throws a stone.
You block the stone. Ijyb misses you.
You barely miss Ijyb. You headbutt Ijyb, but do no damage.
You block Ijyb's attack.
You closely miss Ijyb. Ijyb hits you with a +3 spectral club.
You die...

...........#####.#...####
...........# #.##.##
#8.#.#.#.#.# #.####
##_###.#_#.# #.# ###
####### #.# #.# #.# ##
#.# #.# #### .# #.#
#.##.(... .######.#
#@g...... ........#
#K##.###. )######## #.# #
.# #.# ## #.. #.## #..
###


You could see Ijyb and a kobold.

Vanquished Creatures
  6 adders
  A gnoll (D:1)
  2 dart slugs (D:2)
  A worm (D:3)
  6 endoplasms
  A giant cockroach (D:1)
  5 goblins
  2 hobgoblins
  6 jackals (D:3)
  3 quokkas
  3 ball pythons
  6 bats
  3 frilled lizards
  4 kobolds
  9 rats
58 creatures vanquished.

Notes
Turn   | Place    | Note
-------+----------+-------------------------------------------
     0 | D:1      | Peloso the Minotaur Fighter began the quest for the Orb.
     0 | D:1      | Reached XP level 1. HP: 19/19 MP: 0/0
    28 | D:1      | Found Hoiq's Book Shop.
    54 | D:1      | HP: 1/20 [frozen (4)]
   375 | D:1      | Reached XP level 2. HP: 27/27 MP: 1/1
   427 | D:1      | Reached skill level 4 in Armour
  1040 | D:1      | Found a faded altar of an unknown god.
  1102 | D:1      | Reached XP level 3. HP: 31/33 MP: 2/2
  1787 | D:2      | Reached XP level 4. HP: 36/40 MP: 3/3
  2056 | D:3      | Found a glowing golden altar of the Shining One.
  2065 | D:3      | Found a shadowy altar of Dithmenos.
  2074 | D:3      | Found an ornate altar of the Wu Jian Council.
  2131 | D:3      | Reached skill level 5 in Armour
  2643 | D:3      | Found a runed translucent door.
  2644 | D:3      | Noticed Crazy Yiuf
  2920 | D:3      | Found a stormy altar of Qazlal.
  2949 | D:3      | Noticed Ijyb
  2959 | D:3      | HP: 2/40 [Ijyb/+3 spectral club (4)]
  2962 | D:3      | Slain by Ijyb

Illustrated notes

Levels and vault maps discovered:
D:1:      tarquinn_simple_flora_water_e, layout_basic, serial_shops,
          nicolae_shop_behind_doors, dreamdust_ecumenical_altar_grove,
          chequers_serial_rivers_micro_d
D:2:      layout_rooms
D:3:      layout_loops_corners, grunt_qazlal_clouds, minitemple,
          gammafunk_temple_overflow_elements, uniq_ijyb, uniq_crazy_yiuf_cottage

Skill      XL: |  1  2  3  4 |
---------------+-------------+-----
Armour         | 4 5 |  5.2
Fighting       | 4 |  4.2
Long Blades    | 3 |  3.7
Shields        | 4 |  4.2
Dodging        | |  0.1

Action                   |  1- 3 |  4- 6 || total
-------------------------+-------+-------++-------
Melee: Long sword        |    78 |    56 ||   134
       Headbutt          |    12 |     8 ||    20
Armor: Scale mail        |    41 |    32 ||    73
Dodge: Dodged            |    44 |    36 ||    80
Block: Buckler           |    22 |    19 ||    41
